 Dungeon Crawl Stone Soup version 0.27-a0-1200-g94dc6ad (webtiles) character file.

Game seed: 4552926546750916418

14465 Meow the Destroyer (level 12, -11/110 HPs)
             Began as a Naga Venom Mage on May 31, 2021.
             Was an Initiate of Gozag.
             Mangled by a jumping spider (16 damage)
             ... on level 2 of the Lair of Beasts.
             The game lasted 00:44:07 (12653 turns).

Meow the Destroyer (Naga Venom Mage)               Turns: 12653, Time: 00:44:08

Health: -11/110    AC:  7    Str: 12    XL:     12   Next: 16%
Magic:  10/25      EV: 10    Int: 20    God:    Gozag
Gold:   158        SH: 11    Dex: 17    Spells: 17/29 levels left

rFire    . . .     SeeInvis +   a - +1 short sword (venom)
rCold    . . .     Faith    .   v - +0 kite shield
rNeg     + . .     Spirit   .   u - +0 robe
rPois    +         Reflect  .   (no helmet)
rElec    +         Harm     .   P - +0 cloak
rCorr    +         Rampage  .   z - +0 pair of gloves
Will     +....                  (no barding)
Stlth    ++........             f - amulet of magic regeneration
HPRegen  0.28/turn              w - ring of positive energy
MPRegen  0.44/turn              N - ring of Vefif {rElec rCorr Dex+6}

@: very slow
A: AC +4, large, see invisible, deformed body, poison resistance, slowness 2,
spit poison 1, naga tail 1
a: Spit Poison, Renounce Religion, Potion Petition, Call Merchant, Bribe Branch


You were on level 2 of the Lair of Beasts.
You worshipped Gozag.
Gozag was aware of your devotion.
You visited 3 branches of the dungeon, and saw 14 of its levels.

You collected 1907 gold pieces.
You spent 148 gold pieces at shops.
You paid 1601 gold pieces to Gozag.

Inventory:

Hand Weapons
 a - a +1 short sword of venom (weapon)
 p - a +0 hand crossbow
 J - a +1 war axe of freezing
 Q - a +2 vorpal spear
 S - a +1 quarterstaff of holy wrath
Missiles
 c - 6 javelins
 d - a curare-tipped dart
 i - 168 arrows
 n - 58 bolts
 o - 38 poisoned darts
 q - 4 datura-tipped darts
 t - 291 stones (quivered)
 A - 86 sling bullets
Armour
 u - a +0 robe (worn)
 v - a +0 kite shield (worn)
 z - a +0 pair of gloves (worn)
 L - a +0 buckler
 P - a +0 cloak (worn)
Magical Staves
 b - a staff of fire
Jewellery
 f - an amulet of magic regeneration (around neck)
 w - a ring of positive energy (left hand)
 N - the ring of Vefif (right hand) {rElec rCorr Dex+6}
   (You found it on level 7 of the Dungeon)

   [ring of dexterity]

   It affects your dexterity (+6).
   It insulates you from electricity.
   It protects you from acid and corrosion.
 Y - a +6 ring of intelligence
Wands
 I - a wand of flame (73)
 M - a wand of polymorph (42)
 O - a wand of iceblast (16)
Scrolls
 h - a scroll of blinking
 l - 2 scrolls of fog
 m - a scroll of enchant weapon
 r - 3 scrolls of enchant armour
 y - a scroll of holy word
 D - 4 scrolls of teleportation
 F - a scroll of torment {unknown}
 H - a scroll of summoning {unknown}
 T - 2 scrolls of amnesia {unknown}
 U - 3 scrolls of identify
 W - a scroll of noise {unknown}
Potions
 e - 3 potions of invisibility
 g - 2 potions of haste
 j - 2 potions of curing
 k - 2 potions of heal wounds {unknown}
 s - 2 potions of magic {unknown}
 x - 2 potions of resistance {unknown}
 B - a potion of flight {unknown}
 C - 2 potions of might {unknown}
 E - 2 potions of degeneration {unknown}
 G - a potion of ambrosia {unknown}
 K - 2 potions of lignification {unknown}
 R - a potion of mutation {unknown}
 V - 2 potions of berserk rage {unknown}
 X - 2 potions of brilliance {unknown}


   Skills:
 - Level 8.0 Fighting
 - Level 1.5 Dodging
 - Level 3.0 Stealth
 * Level 8.8 Shields
 + Level 9.2 Spellcasting
 + Level 10.4 Conjurations
 - Level 1.0 Transmutations
 - Level 4.0 Poison Magic


You had 17 spell levels left.
You knew the following spells:

 Your Spells              Type           Power      Damage    Failure   Level
a - Sting                 Tmut/Pois      76%        1d6       2%          1
c - Mephitic Cloud        Conj/Pois/Air  28%        N/A       3%          3
f - Lightning Bolt        Conj/Air       15%        1d29      24%         5
C - Ignite Poison         Fire/Tmut/Pois 15%        N/A       12%         3

Your spell library contained the following spells:

 Spells                   Type           Power      Damage    Failure   Level
 Magic Dart               Conj           100%       1d8       1%          1
 Shock                    Conj/Air       100%       1d9       1%          1
 Static Discharge         Conj/Air       30%        N/A       1%          2
 Conjure Flame            Conj/Fire      30%        6-21      2%          3
 Poisonous Vapours        Pois/Air       34%        N/A       4%          2
 Summon Small Mammal      Summ           36%        N/A       8%          1
 Blink                    Tloc           N/A        N/A       12%         2
 Call Imp                 Summ           9%         N/A       12%         2
 Slow                     Hex            9%         N/A       12%         2
 Olgreb's Toxic Radiance  Pois           25%        N/A       14%         4
 Call Canine Familiar     Summ           9%         N/A       22%         3
 Summon Guardian Golem    Hex/Summ       9%         N/A       22%         3
 Swiftness                Air            9%         N/A       22%         3
 Airstrike                Air            4%         N/A       58%         4
 Summon Ice Beast         Ice/Summ       9%         N/A       58%         4
 Summon Lightning Spire   Summ/Air       9%         N/A       58%         4


Dungeon Overview and Level Annotations

Branches:
Dungeon (10/15)            Temple (1/1) D:6            Lair (3/6) D:8
 Spider (0/4) Lair:2
  Swamp: Lair:2-4    Shoals: Lair:2-4       Orc: D:9-12

Altars:
Ashenzari
Cheibriados
Dithmenos
Elyvilon
Fedhas
Gozag
Kikubaaqudgha
Makhleb
Nemelex Xobeh
Okawaru
Qazlal
Ru
Trog
Uskayaw
Vehumet
Xom
Yredelemnul
Zin
The Shining One

Shops:
Lair:1 [*


Innate Abilities, Weirdness & Mutations

Your serpentine skin is tough. (AC +4)
You have supernaturally acute eyesight. (SInv)
Armour fits poorly on your strangely shaped body.
Your system is resistant to poisons. (rPois)
You cover ground very slowly.
You can spit poison.
You have a snake-like lower body.


Message History

Aim: a jumping spider (heavily wounded, confused, not susceptible)
The ball explodes into a vile cloud!
The stinking cloud engulfs the jumping spider but does no damage.
The jumping spider is heavily wounded.
The stinking cloud engulfs you but does no damage.
The jumping spider is engulfed in noxious fumes.
The jumping spider appears confused.
Unknown command.
The jumping spider is engulfed in noxious fumes.
The jumping spider pounces on you!
* * * LOW HITPOINT WARNING * * *
The jumping spider bites you but does no damage.
Unknown command.
You feel better.
You have got your breath back.
You block the jumping spider's attack. x2
Casting: Mephitic Cloud (mildly dangerous; 3% risk of failure)
Confirm with . or Enter, or press ? or * to list all spells.
Aiming: Mephitic Cloud (mildly dangerous; 3% risk of failure)
Press: ? - help, Shift-Dir - straight line, f/p - jumping spider
Aim: a jumping spider (heavily wounded, confused, not susceptible)
The ball explodes into a vile cloud!
The stinking cloud engulfs the jumping spider but does no damage.
The jumping spider is heavily wounded.
The stinking cloud engulfs you but does no damage.
The jumping spider is engulfed in noxious fumes.
The jumping spider appears confused.
The jumping spider pounces on you!
* * * LOW HITPOINT WARNING * * *
You are caught in a web!
The jumping spider bites you.
* * * LOW HITPOINT WARNING * * *
Unknown command.
The web tears apart.
The jumping spider is engulfed in noxious fumes.
The jumping spider appears confused.
The jumping spider is engulfed in noxious fumes.
The jumping spider appears confused.
The jumping spider is engulfed in noxious fumes.
The jumping spider appears confused.
The jumping spider pounces on you!
You die...
Your body crumbles into a pile of gold.

..........##
###..............
..........P#
#................
..........##
##P.............# ######....#
#######............## #
...##...#
#.#.##..............# #
.>..#####
##..#.#.P.......<.##. #
....^. ##......P.P.......##
#...^^# #P○s○.P..P......#.#
#^.^^.#####°.@☼...........###
###^^.^^##...°.......P.P..##
# #.# #.^.$..##°.PP........##
###.# ###...$#........P.....#
##..# ##....##....P......##
#...# #....###.P..P....##
##..# #...###..P.P.P..##
##..## .###. ##......#.#
.....##### ###.....#####


You could see a jumping spider (confused).

Vanquished Creatures
  Snorg (Lair:2)
  A hydra (Lair:1)
  A catoblepas (Lair:2)
  A death yak (Lair:2)
  Maurice (D:8)
  Joseph (D:8)
  A torpor snail (Lair:2)
  5 cane toads
  Maggie (D:7)
  2 komodo dragons
  3 redbacks (Lair:2)
  Eustachio (D:5)
  3 wyverns
  20 yaks
  A steam dragon (D:7)
  2 acid dragons
  3 water moccasins
  An orc warrior (D:8)
  A sky beast (D:6)
  2 ice beasts
  A necrophage (D:6)
  A hornet zombie (D:8)
  4 centaurs
  An ogre (D:4)
  2 phantoms
  2 kobold brigands (D:7)
  A scorpion (D:4)
  3 wyvern zombies (D:7)
  5 bullfrogs
  A water moccasin zombie (D:6)
  5 water moccasin skeletons
  2 electric eels (Lair:1)
  18 wights
  A howler monkey (D:5)
  4 centaur zombies
  2 bullfrog zombies (D:6)
  3 jellies
  A human zombie (D:6)
  2 orc priests (D:7)
  2 hounds (D:5)
  A gnoll shaman (D:8)
  A bullfrog skeleton (D:6)
  6 iguanas
  5 orc wizards
  2 killer bee zombies
  A hound skeleton (D:4)
  3 mummies (D:6)
  2 howler monkey zombies
  7 gnolls
  A howler monkey skeleton (D:6)
  5 adders
  3 shadow imps
  A white imp (D:7)
  An ufetubus (D:4)
  2 adder skeletons (D:4)
  5 worms
  6 dart slugs
  26 orcs
  A bat (D:2)
  4 endoplasms
  2 giant cockroaches (D:1)
  5 goblins
  6 hobgoblins
  9 jackals
  3 quokkas
  6 ball pythons
  3 frilled lizards
  19 kobolds
  4 rats
253 creatures vanquished.

Vanquished Creatures (others)
  A wolf spider (Lair:2)
  5 fungi
  65 plants
71 creatures vanquished.

Grand Total: 324 creatures vanquished

Notes
Turn   | Place    | Note
-------+----------+-------------------------------------------
     0 | D:1      | Meow the Naga Venom Mage began the quest for the Orb.
     0 | D:1      | Reached XP level 1. HP: 15/15 MP: 3/3
   377 | D:1      | Reached skill level 1 in Conjurations
   377 | D:1      | Reached XP level 2. HP: 22/22 MP: 3/5
  1059 | D:2      | Reached XP level 3. HP: 28/28 MP: 2/6
  1063 | D:2      | Learned a level 3 spell: Mephitic Cloud
  1067 | D:2      | Learned a level 3 spell: Ignite Poison
  1334 | D:2      | Reached skill level 2 in Conjurations
  2101 | D:3      | Reached XP level 4. HP: 34/36 MP: 8/8
  2208 | D:3      | Noticed a centaur
  2212 | D:3      | Killed a centaur
  2213 | D:3      | Reached skill level 3 in Conjurations
  2213 | D:3      | Reached XP level 5. HP: 14/42 MP: 2/10
  3600 | D:4      | Reached XP level 6. HP: 22/49 MP: 4/12
  3823 | D:4      | Reached skill level 4 in Conjurations
  3978 | D:4      | Reached XP level 7. HP: 50/55 MP: 11/14
  3988 | D:4      | Found a sparkling altar of Nemelex Xobeh.
  4201 | D:4      | Reached skill level 5 in Spellcasting
  4423 | D:4      | Reached skill level 5 in Conjurations
  4583 | D:5      | Entered Level 5 of the Dungeon
  4806 | D:5      | Noticed Eustachio
  4822 | D:5      | Killed Eustachio
  4823 | D:5      | Reached skill level 6 in Conjurations
  4823 | D:5      | Reached XP level 8. HP: 39/62 MP: 3/17
  5574 | D:6      | Found a staircase to the Ecumenical Temple.
  5584 | Temple   | Entered the Ecumenical Temple
  5895 | Temple   | Became a worshipper of Gozag Ym Sagoz the Greedy
  6048 | D:6      | Reached skill level 7 in Conjurations
  6479 | D:6      | Reached XP level 9. HP: 58/68 MP: 12/20
  6480 | D:6      | Found a basalt altar of Yredelemnul.
  6650 | D:6      | Reached skill level 8 in Conjurations
  6918 | D:7      | Reached skill level 1 in Fighting
  6918 | D:7      | Reached skill level 1 in Shields
  7038 | D:7      | Identified the +0 ring mail "Owum" {rF+ Will++ Str+3}
  7474 | D:7      | Noticed Maggie
  7485 | D:7      | Killed Maggie
  7559 | D:7      | Reached XP level 10. HP: 41/87 MP: 17/22
  7572 | D:7      | Reached skill level 5 in Fighting
  7846 | D:7      | Found a bloodstained altar of Trog.
  7855 | D:7      | Found a blossoming altar of Fedhas.
  7859 | D:7      | Found a burning altar of Makhleb.
  8062 | D:7      | Identified the ring of Vefif {rElec rCorr Dex+6}
  8123 | D:7      | You fall into a shaft and drop 3 floors!
  8123 | D:10     | Entered Level 10 of the Dungeon
  8251 | D:9      | Found a hide-covered altar of Uskayaw.
  8318 | D:8      | Reached skill level 5 in Shields
  8421 | D:8      | Noticed Maurice
  8634 | D:8      | Killed Maurice
  8694 | D:8      | Found a glowing golden altar of the Shining One.
  8830 | D:8      | Reached skill level 9 in Conjurations
  8913 | D:8      | Found a staircase to the Lair.
  9350 | D:8      | Found an iron altar of Okawaru.
  9417 | D:8      | Found a glowing silver altar of Zin.
  9419 | D:8      | Found a white marble altar of Elyvilon.
  9578 | D:8      | Noticed Joseph
  9591 | D:8      | Killed Joseph
  9592 | D:8      | Reached XP level 11. HP: 67/100 MP: 5/23
  9710 | D:8      | Learned a level 5 spell: Lightning Bolt
  9849 | Lair:1   | Entered Level 1 of the Lair of Beasts
 11009 | Lair:1   | Noticed a seven-headed hydra
 11020 | Lair:1   | Killed a seven-headed hydra
 11426 | Lair:2   | Noticed a catoblepas
 11444 | Lair:2   | Killed a catoblepas
 11593 | Lair:2   | Reached skill level 10 in Conjurations
 11719 | Lair:1   | Bought a silken robe for 148 gold pieces
 11719 | Lair:1   | Identified the +1 robe "Deod" {*Corrode rF+ Dex+4 Slay+5}
                  | (You bought it in a shop on level 1 of the Lair of Beasts)
 11760 | Lair:3   | Noticed Snorg
 11953 | Lair:2   | Killed Snorg
 12164 | Lair:2   | Noticed a death yak
 12191 | Lair:2   | Reached XP level 12. HP: 86/110 MP: 21/25
 12198 | Lair:2   | Killed a death yak
 12626 | Lair:2   | Found a hole to the Spider Nest.
 12651 | Lair:2   | HP: 4/110 [jumping spider (3)]
 12653 | Lair:2   | Mangled by a jumping spider

Illustrated notes

Levels and vault maps discovered:
D:1:      minmay_arrival_four_loops, layout_rooms, minmay_pentomino_w2
D:2:      layout_basic, hangedman_decor_push
D:3:      layout_basic
D:4:      layout_basic, kennysheep_little_box, serial_corexii_hall,
          corexii_hall_statues_s, chequers_hall_statues_wall_a,
          corexii_hall_statues_l, st_stairs_3
D:5:      layout_loops_ring, uniq_eustachio
D:6:      layout_rooms, lemuel_mausoleum_altar_yredelemnul,
          minmay_temple_entry_statues_fountains, serial_bayou_pond_d,
          st_stairs_13
D:7:      layout_basic, grunt_temple_overflow_diamond, serial_curves,
          eino_curves_01, eino_curves_02, minmay_between, uniq_maggie
D:8:      layout_loops_ring, good_gods_mini_temple, overflow_temple_1_default,
          erik_lair_dragon, lemuel_old_faithful, uniq_joseph, uniq_maurice
D:9:      layout_roguey, lemuel_round_altar, amethyst_overflow_temple_binary,
          bh_walls_and_bars
D:10:     layout_loops_ring, lemuel_round_altar, orc_david_3,
          nicolae_trove_entry_isolated, serial_shops, kennysheep_mini,
          lightli_minifort
Temple:   compressed_dpeg_triangle_lava_temple
Lair:1:   layout_regular_city, serial_bayou_shore_a, lemuel_fruit_tree
Lair:2:   layout_cave_pods, spider_nest_entry_funnel_web, serial_forest,
          infiniplex_forest_straight_2, infiniplex_forest_clump_tiny,
          infiniplex_forest_clump_large, infiniplex_forest_clump_diagonal,
          infiniplex_forest_end_2, infiniplex_forest_lined_room_2,
          infiniplex_forest_clump_large, infiniplex_forest_end_2
Lair:3:   layout_cave_pods, elwin_shoals_entry_stream,
          chequers_serial_rivers_room_b, chequers_serial_rivers_marsh,
          fungi_pond_lemuel, uniq_snorg, uniq_gastronok

Skill      XL: |  1  2  3  4  5  6  7  8  9 10 11 |
---------------+----------------------------------+-----
Conjurations   | 1 2 3 4 6 7 8 9 10 | 10.4
Spellcasting   | 3 4 6 7 8 9 |  9.2
Fighting       | 4 7 8 |  8.0
Shields        | 4 6 8 |  8.8
Dodging        | |  1.5
Stealth        | |  3.0
Transmutations | |  1.0
Poison Magic   | |  4.0

Action                   |  1- 3 |  4- 6 |  7- 9 | 10-12 || total
-------------------------+-------+-------+-------+-------++-------
Melee: Staff             |     8 |       |    10 |     8 ||    26
       Hand axe          |       |     1 |       |       ||     1
       Short sword       |       |    39 |    83 |   105 ||   227
Throw: Stone             |       |     6 |    16 |    11 ||    33
 Cast: Sting             |    42 |    28 |    13 |    16 ||    99
       Mephitic Cloud    |       |     5 |    60 |    88 ||   153
       Ignite Poison     |       |     4 |    48 |    67 ||   119
Invok: Call Merchant     |       |       |       |     2 ||     2
 Abil: Spit Poison       |    49 |    30 |    24 |    48 ||   151
  Use: Scroll            |     2 |     1 |     6 |       ||     9
       Potion            |       |       |     1 |     2 ||     3
 Stab: Sleeping          |       |       |     1 |       ||     1
       Distracted        |       |       |     1 |       ||     1
       Confused          |       |       |       |     7 ||     7
Armor: Robe              |     7 |     9 |    37 |    42 ||    95
Dodge: Dodged            |    13 |    30 |    84 |    74 ||   201
Block: Buckler           |       |       |       |    10 ||    10
       Kite shield       |       |       |       |    46 ||    46

Table legend: (Time is in decaauts)
 A = Elapsed time spent in this place.
 B = Non-inter-level travel time spent in this place.
 C = Inter-level travel time spent in this place.
 D = Time resting spent in this place.
 E = Time spent auto-exploring this place.
 F = Levels seen in this place.
 G = Mean time per level.
                   A        B        C        D        E       F      G
               +--------+--------+--------+--------+--------+-----+--------+
         Total |  15986 |  15225 |    761 |   2946 |   9704 |  14 | 1141.9 |
       Dungeon |  12139 |  11652 |    487 |   2287 |   7254 |  10 | 1213.9 |
        Temple |    460 |    399 |     61 |      0 |    396 |   1 |  460.0 |
          Lair |   3386 |   3174 |    212 |    659 |   2053 |   3 | 1128.7 |
               +--------+--------+--------+--------+--------+-----+--------+

Top non-repeatable levels by time:
     D:8: 1916 daAuts
  Lair:1: 1796 daAuts
     D:4: 1784 daAuts
     D:7: 1672 daAuts
  Lair:2: 1575 daAuts
     D:2: 1489 daAuts
     D:3: 1430 daAuts
     D:6: 1302 daAuts
     D:5: 1214 daAuts
     D:1: 1107 daAuts
  Temple: 460 daAuts
     D:9: 114 daAuts
    D:10: 107 daAuts
  Lair:3: 14 daAuts
